 Dungeon Crawl Stone Soup version 0.26-a0-812-g31a745ddcd (webtiles) character file.

Game seed: 945335167729853902

8116 Conn the Magician (level 11, -2/60 HPs)
             Began as a Gargoyle Fire Elementalist on Nov 14, 2020.
             Was an Elder of Vehumet.
             Splashed by an acid dragon's acid (15 damage)
             ... on level 13 of the Dungeon.
             The game lasted 00:34:18 (13330 turns).

Conn the Magician (Gargoyle Fire Elementalist)     Turns: 13330, Time: 00:34:19

Health: -2/60      AC:  2    Str: 11    XL:     11   Next: 25%
Magic:  15/22      EV: 13    Int: 26    God:    Vehumet [****..]
Gold:   482        SH:  9    Dex: 10    Spells: 4/24 levels left

rFire    . . .     SeeInvis .   b - +7 dagger (flame)
rCold    . . .     Faith    .   A - +0 buckler
rNeg     + . .     Spirit   .   a - +0 robe
rPois    ∞         Reflect  +   (no helmet)
rElec    +         Harm     .   q - scarf {+Inv}
rCorr    .         Rampage  .   (no gloves)
MR       .....                  (no boots)
Stlth    +++.......             y - amulet of reflection
HPRegen  0.20/turn              F - ring of wizardry
MPRegen  0.18/turn              c - +6 ring of intelligence (curse)

@: marked, corroded
A: negative energy resistance 1, electricity resistance, unbreathing,
petrification resistance, rot immunity, AC +8
a: Renounce Religion, Evoke Invisibility


You were on level 13 of the Dungeon.
You worshipped Vehumet.
Vehumet was greatly pleased with you.
You visited 2 branches of the dungeon, and saw 12 of its levels.
You also visited: Sewer.

You collected 482 gold pieces.

Inventory:

Hand Weapons
 b - a +7 dagger of flaming (weapon)
 g - a +1 dagger
Missiles
 e - 4 curare-tipped darts (quivered)
 f - 67 poisoned darts
 i - 15 javelins
 k - 55 sling bullets
Armour
 a - a +0 robe (worn)
 p - a +0 cloak
 q - a scarf of invisibility (worn)
 A - a +0 buckler (worn)
Jewellery
 c - a cursed +6 ring of intelligence (right hand)
 h - an uncursed ring of protection from cold
 y - an amulet of reflection (around neck)
 E - an uncursed ring of protection from fire
 F - a ring of wizardry (left hand)
 K - a +4 ring of evasion {unknown}
Wands
 z - a wand of random effects (9)
 H - a wand of flame (6)
 L - a wand of polymorph (14)
Scrolls
 l - 12 scrolls of remove curse
 m - 6 scrolls of identify {unknown}
 n - 6 scrolls of teleportation {unknown}
 r - 3 scrolls of fog {unknown}
 s - a scroll of enchant weapon
 t - 4 scrolls of enchant armour {unknown}
 u - a scroll of vulnerability {unknown}
 B - a scroll of magic mapping
 J - a scroll of blinking
Potions
 d - 6 potions of flight
 j - 2 potions of brilliance {unknown}
 o - 3 potions of curing
 v - 4 potions of lignification {unknown}
 w - 2 potions of might {unknown}
 x - a potion of ambrosia {unknown}
 C - 2 potions of heal wounds {unknown}
 D - a potion of haste {unknown}
 G - a potion of resistance
 I - a potion of berserk rage {unknown}


   Skills:
 + Level 3.6 Fighting
 + Level 3.7 Short Blades
 + Level 0.5 Throwing
 + Level 4.3 Dodging
 + Level 6.4 Stealth
 * Level 4.6 Shields
 + Level 7.4 Spellcasting
 + Level 6.1 Conjurations
 + Level 7.0 Fire Magic
 + Level 1.4 Ice Magic
 * Level 6.8 Evocations


You had 4 spell levels left.
You knew the following spells:

 Your Spells              Type           Power        Failure   Level
a - Foxfire               Conj/Fire      ####         1%          1
b - Conjure Flame         Conj/Fire      #####...     1%          3
c - Inner Flame           Hex/Fire       ####....     1%          3
d - Sticky Flame          Conj/Fire      #####...     1%          4
e - Freeze                Ice            ###.         1%          1
f - Shock                 Conj/Air       ####         1%          1
g - Searing Ray           Conj           #####.       1%          2
h - Fireball              Conj/Fire      #####.....   1%          5

Your spell library contained the following spells:

 Spells                   Type           Power        Failure   Level
 Olgreb's Toxic Radiance  Pois           #.......     7%          4


Dungeon Overview and Level Annotations

Branches:
Dungeon (10/15)            Temple (1/1) D:4           Sewer (visited)
   Lair: D:8-11         Orc: D:9-12

Altars:
Ashenzari
Cheibriados
Elyvilon
Fedhas
Gozag
Hepliaklqana
Kikubaaqudgha
Makhleb
Nemelex Xobeh
Okawaru
Qazlal
Ru
Sif Muna
Trog
Uskayaw
Vehumet
Xom
Zin
The Shining One

Annotations:
D:3 Sigmund
D:7 1 runed translucent door, glosham's ghost, novice FoDe


Innate Abilities, Weirdness & Mutations

You are resistant to torment.
Your stone body is resilient. (AC +8)
You are immune to poison.
You resist negative energy. (rN+)
You are resistant to electric shocks. (rElec)
You can survive without breathing.
You are immune to petrification.
You are immune to rotting.


Message History

The foxfire hits the orc.
You kill the orc!
Vehumet accepts your kill.
You feel your power returning. The acid dragon spits acid at you.
The splash of acid hits you. The acid corrodes you!
You are splashed with acid!
Casting: Foxfire (safe; 1% risk of failure)
Confirm with . or Enter, or press ? or * to list all spells.
Aiming: Fireball (dangerous; 1% risk of failure)
Press: ? - help, Shift-Dir - straight line, f - acid dragon
Aim: an acid dragon (catching its breath)
The fireball explodes!
The fireball engulfs the acid dragon!
The acid dragon is moderately wounded.
The fireball engulfs the tengu warrior!
The tengu warrior is lightly wounded.
The acid dragon spits acid at you. The splash of acid hits you!
* * * LOW HITPOINT WARNING * * *
The acid corrodes you!
You are splashed with acid!
You die...

#####......z#)#
#...#.8...8.#o###+##
#...##..z..##.D.....
#....###.######z....
#...†.......+.#.Q...
#..†..DQ....#.'o....
#..§.)......###.....
+.§.........# #.....
#..@.§......# #..<..
#...§.......# #.....
#########+### ##...#
###.# .. ..


You could see a tengu warrior, an acid dragon (catching breath) and a wight.

Vanquished Creatures
  A two-headed ogre (D:9)
  2 trolls
  2 wyverns
  Eustachio (D:5)
  9 yaks
  A hornet zombie (D:9)
  A phantom (D:7)
  6 orc warriors
  A black bear (D:9)
  3 ice beasts
  7 ogres
  5 centaurs
  3 big kobolds
  6 bullfrogs
  5 scorpions
  5 wights (D:10)
  6 killer bees
  A bullfrog zombie (D:9)
  2 centaur zombies
  A jelly (D:6)
  3 bullfrog skeletons
  A centaur skeleton (D:8)
  6 hounds
  3 orc priests
  11 orc wizards
  5 gnoll shamans (D:8)
  2 iguanas
  12 worker ants
  A killer bee zombie (D:5)
  A hound zombie (D:6)
  A hound skeleton (D:4)
  A howler monkey skeleton (D:5)
  14 adders
  12 gnolls
  A river rat (Sewer)
  4 shadow imps
  7 white imps
  2 ufetubi
  2 adder skeletons (D:8)
  2 worms
  2 dart slugs
  12 leopard geckos
  33 orcs
  9 bats
  12 giant cockroaches
  12 goblins
  13 hobgoblins
  16 jackals
  15 kobolds
  5 quokkas
  A ball python (D:5)
  7 frilled lizards
  A giant cockroach zombie (D:5)
  A jackal skeleton (D:6)
  2 leopard gecko zombies (D:8)
  8 rats
308 creatures vanquished.

Vanquished Creatures (collateral kills)
  A foxfire (D:7)
1 creature vanquished.

Vanquished Creatures (others)
  648 foxfires
  6 fungi (D:8)
  13 plants (D:8)
667 creatures vanquished.

Grand Total: 976 creatures vanquished

Notes
Turn   | Place    | Note
-------+----------+-------------------------------------------
     0 | D:1      | Conn the Gargoyle Fire Elementalist began the quest for the
                  | Orb.
     0 | D:1      | Reached XP level 1. HP: 10/10 MP: 3/3
    70 | D:1      | Reached XP level 2. HP: 15/15 MP: 0/5
   480 | D:1      | Reached XP level 3. HP: 19/19 MP: 0/6
  1137 | D:2      | Found a stormy altar of Qazlal.
  1320 | D:2      | Reached XP level 4. HP: 24/24 MP: 5/7
  1838 | D:2      | Found a blossoming altar of Fedhas.
  2099 | D:3      | HP: 1/24 [orc/+0 hand axe (5)]
  2384 | D:2      | Learned a level 3 spell: Conjure Flame
  2388 | D:2      | Learned a level 3 spell: Inner Flame
  3092 | D:3      | Noticed Sigmund
  3358 | D:4      | Reached XP level 5. HP: 24/28 MP: 9/9
  3360 | D:4      | Found a burning altar of Makhleb.
  3555 | D:4      | Found a staircase to the Ecumenical Temple.
  3574 | D:4      | Reached skill level 1 in Evocations
  3586 | D:4      | Reached skill level 1 in Fighting
  3598 | Temple   | Entered the Ecumenical Temple
  3722 | Temple   | Became a worshipper of Vehumet
  3779 | D:4      | Reached skill level 1 in Short Blades
  4746 | D:5      | Entered Level 5 of the Dungeon
  4768 | D:5      | Reached XP level 6. HP: 15/34 MP: 1/10
  5020 | D:5      | Found a glowing drain.
  5043 | Sewer    | Entered a sewer
  5197 | Sewer    | Learned a level 4 spell: Sticky Flame
  5302 | Sewer    | Found a glowing silver altar of Zin.
  5602 | D:5      | Reached XP level 7. HP: 38/38 MP: 7/12
  5875 | D:5      | Noticed Eustachio
  5896 | D:5      | Killed Eustachio
  6069 | D:5      | Reached * piety under Vehumet
  6069 | D:5      | Offered knowledge of Freeze by Vehumet.
  6275 | D:5      | Found a broken altar of Ashenzari.
  6397 | D:5      | Learned a level 1 spell: Freeze
  6682 | D:6      | Reached XP level 8. HP: 44/44 MP: 14/14
  7260 | D:6      | Reached skill level 5 in Stealth
  7710 | D:6      | Found a shimmering blue altar of Sif Muna.
  7710 | D:6      | Found a white marble altar of Elyvilon.
  7718 | D:6      | Found a hazy altar of Hepliaklqana.
  7721 | D:6      | Found a faded altar of an unknown god.
  7722 | D:6      | Found a glowing golden altar of the Shining One.
  7807 | D:6      | Offered knowledge of Shock by Vehumet.
  7811 | D:6      | Learned a level 1 spell: Shock
  7820 | D:6      | Found a sacrificial altar of Ru.
  8113 | D:6      | Reached skill level 5 in Fire Magic
  8199 | D:7      | Reached ** piety under Vehumet
  8206 | D:7      | Noticed a wyvern
  8208 | D:7      | Reached skill level 5 in Spellcasting
  8212 | D:7      | Killed a wyvern
  8254 | D:7      | Found a runed translucent door.
  8254 | D:7      | Noticed glosham's ghost (novice FoDe)
  8302 | D:7      | Reached XP level 9. HP: 38/49 MP: 10/16
  8615 | D:7      | HP: 2/49 [orc wizard/puff of frost (8)]
  9302 | D:7      | Found a shimmering altar of Xom.
  9830 | D:8      | Offered knowledge of Searing Ray by Vehumet.
 10037 | D:8      | Reached skill level 5 in Evocations
 10038 | D:8      | Noticed a troll
 10058 | D:8      | Killed a troll
 10382 | D:8      | Learned a level 2 spell: Searing Ray
 10388 | D:8      | Learned a level 5 spell: Fireball
 10493 | D:8      | Reached *** piety under Vehumet
 10493 | D:8      | Reached XP level 10. HP: 44/56 MP: 17/19
 10499 | D:8      | Reached skill level 1 in Shields
 10499 | D:8      | Reached skill level 5 in Conjurations
 10949 | D:8      | Offered knowledge of Dazzling Flash by Vehumet.
 11354 | D:9      | Noticed a two-headed ogre
 11754 | D:9      | Reached **** piety under Vehumet
 11891 | D:9      | Offered knowledge of Olgreb's Toxic Radiance by Vehumet.
 12100 | D:9      | Reached skill level 1 in Ice Magic
 12151 | D:9      | Killed a two-headed ogre
 12963 | D:10     | Entered Level 10 of the Dungeon
 13138 | D:10     | Reached XP level 11. HP: 51/60 MP: 11/21
 13212 | D:10     | You fall into a shaft and drop 3 floors!
 13214 | D:13     | Found an opulent altar of Gozag.
 13314 | D:13     | Noticed a tengu warrior
 13330 | D:13     | Splashed by an acid dragon's acid

Illustrated notes

Levels and vault maps discovered:
D:1:      roderic_chinese_lattice_arrival, layout_basic
D:2:      layout_basic, nicolae_qazlal_general_emergency, hangedman_glass_teeth,
          fedhas_altar_2
D:3:      layout_loops_ring, chequers_mini_garden, uniq_sigmund
D:4:      layout_loops_cross, old_standard_altar, temple_statues,
          chequers_garden
D:5:      layout_loops_cross, kennysheep_mini, gup_sewer_entry_pipe,
          solitary_fountain, minmay_crystal_water, uniq_eustachio
D:6:      layout_loops_ring, chequers_temple_overflow_minitemple,
          lemuel_coloured_pillars_altar, serial_rivers,
          chequers_serial_rivers_large_b, chequers_serial_rivers_small_b,
          chequers_serial_rivers_marsh, chequers_serial_rivers_room_a,
          chequers_serial_rivers_small_a, chequers_serial_rivers_room_b,
          grunt_ministairs_1, nrook_campfire
D:7:      layout_loops_ring, tgw_xom, hellmonk_ghost_happy_afterlife
D:8:      kennysheep_seaside_town, layout_rooms, grunt_tough_drop
D:9:      layout_cave_pods
D:10:     layout_irregular_city, david_lair_generic, david_orc_1_choice,
          ebering_ghost_reflecting_pool, grunt_ministairs_4, uniq_harold
D:13:     layout_roguey, lightli_vaults_fourway_checkpoint, grunt_gozag_statues
Temple:   oiseaux_autumnal_temple

Skill      XL: |  1  2  3  4  5  6  7  8  9 10 11 |
---------------+----------------------------------+-----
Conjurations   | 2 3 4 5 6 |  6.1
Stealth        | 3 4 5 6 |  6.4
Evocations     | 1 2 3 5 6 |  6.8
Fighting       | 1 2 3 |  3.6
Short Blades   | 1 2 3 |  3.7
Dodging        | 2 3 4 |  4.3
Fire Magic     | 4 5 6 7 |  7.0
Spellcasting   | 3 4 5 6 7 |  7.4
Shields        | 3 4 |  4.6
Ice Magic      | 1 |  1.4
Throwing       | |  0.5

Action                   |  1- 3 |  4- 6 |  7- 9 | 10-12 || total
-------------------------+-------+-------+-------+-------++-------
Melee: Unarmed           |     8 |       |       |       ||     8
       Dagger            |    26 |    72 |   176 |    62 ||   336
Throw: Dart              |       |     3 |     2 |       ||     5
 Cast: Foxfire           |    53 |   118 |   110 |    94 ||   375
       Conjure Flame     |       |     1 |     1 |       ||     2
       Freeze            |       |       |     3 |    12 ||    15
       Sticky Flame      |       |       |     7 |    11 ||    18
       Searing Ray       |       |       |     1 |     2 ||     3
       Shock             |       |       |     1 |       ||     1
       Fireball          |       |       |       |    22 ||    22
Evoke: Wand              |       |     1 |     7 |       ||     8
  Use: Scroll            |       |    11 |       |       ||    11
       Potion            |       |     5 |       |       ||     5
 Stab: Sleeping          |     4 |     6 |     9 |     1 ||    20
Armor: Robe              |    18 |    53 |    67 |    31 ||   169
Dodge: Dodged            |    36 |   123 |   147 |    67 ||   373
Block: Other             |       |       |    31 |       ||    31
       Reflection        |       |       |     4 |     3 ||     7
       Buckler           |       |       |     3 |    66 ||    69

Table legend: (Time is in decaauts)
 A = Elapsed time spent in this place.
 B = Non-inter-level travel time spent in this place.
 C = Inter-level travel time spent in this place.
 D = Time resting spent in this place.
 E = Time spent auto-exploring this place.
 F = Levels seen in this place.
 G = Mean time per level.
                   A        B        C        D        E       F      G
               +--------+--------+--------+--------+--------+-----+--------+
         Total |  13400 |  13072 |    328 |   3100 |   6433 |  13 | 1030.8 |
       Dungeon |  12821 |  12525 |    296 |   2969 |   6258 |  11 | 1165.5 |
        Temple |    156 |    124 |     32 |      0 |    105 |   1 |  156.0 |
         Sewer |    422 |    422 |      0 |    131 |     69 |   1 |  422.0 |
               +--------+--------+--------+--------+--------+-----+--------+

Top non-repeatable levels by time:
     D:2: 1897 daAuts
     D:8: 1844 daAuts
     D:5: 1691 daAuts
     D:7: 1534 daAuts
     D:6: 1421 daAuts
     D:9: 1366 daAuts
     D:4: 951 daAuts
     D:1: 930 daAuts
     D:3: 821 daAuts
   Sewer: 422 daAuts
    D:10: 247 daAuts
  Temple: 156 daAuts
    D:13: 115 daAuts
